Map: Acid Plant LE

Players

ZergGirl - Winner!

  • Race: Zerg Zerg
  • League: Master
  • Spawn Location: 11:00

kiwian

  • Race: Terran Terran
  • League: Grandmaster
  • Spawn Location: 5:00

VOD

Have the link to the VOD?

Description

Time

  • Played on: Jan. 27, 2018, 9:30 p.m.
  • Length: 20:36
Show
View Real Time Build Order
Export as new Build Order

ZergGirl Zerg - Winner!

Build Orders: Hatch First 

Get SALT Encoding   

  12  0:00  Drone  
  13  0:12  Overlord  
  13  0:18  Drone  
  14  0:32  Drone x2  
  14  0:34  Drone  
  17  0:54  Hatchery  
  17  0:56  Drone  
  17  1:00  Drone  
  18  1:06  Extractor  
  17  1:16  Spawning Pool  
  16  1:18  Drone  
  16  1:22  Drone  
  18  1:29  Drone  
  19  1:40  Overlord  
  19  2:03  Queen  
  19  2:05  Zergling x4  
  19  2:06  Queen  
  25  2:10  Metabolic Boost  
  25  2:13  Drone  
  26  2:16  Drone  
  26  2:20  Drone  
  28  2:23  Drone  
  28  2:28  Drone  
  30  2:33  Drone  
  31  2:40  Drone  
  32  2:46  Drone  
  32  2:47  Queen  
  32  2:51  Overlord  
  35  2:56  Drone  
  36  3:02  Overlord  
  36  3:09  Drone  
  36  3:12  Drone x2  
  39  3:13  Drone x2  
  39  3:15  Overlord  
  39  3:16  Drone x2  
  39  3:19  Drone  
  44  3:28  Drone  
  44  3:29  Drone  
  46  3:36  Extractor  
  46  3:37  Drone  
  46  3:42  Drone x2  
  46  3:43  Drone  
  46  3:44  Lair  
  46  3:48  Extractor  
  48  3:49  Drone x2  
  48  3:53  Drone  
  51  3:55  Overlord  
  51  3:56  Zergling x4  
  51  4:02  Zergling x4  
  55  4:12  Extractor  
  55  4:13  Zergling x4  
  56  4:22  Zergling x2  
  56  4:23  Zergling x2  
  54  4:42  Zergling x6  
  55  4:50  Hydralisk Den  
  55  4:52  Drone x3  
  57  4:56  Drone  
  57  4:59  Zergling x8  
  63  5:00  Hatchery, Zergling x2  
  57  5:22  Muscular Augments  
  57  5:23  Hydralisk x4  
  61  5:31  Hydralisk x3  
  63  5:37  Hydralisk  
  63  5:38  Hydralisk  
  67  5:44  Zergling x2  
  67  5:46  Overlord x3  
  67  5:52  Overlord  
  67  6:00  Overlord x2  
  67  6:01  Hatchery  
  66  6:07  Zergling x2  
  66  6:08  Zergling x6  
  66  6:11  Overlord  
  70  6:20  Zergling x6  
  70  6:21  Zergling x2  
  74  6:25  Queen  
  74  6:27  Hydralisk  
  74  6:32  Hydralisk  
  80  6:35  Hydralisk x3  
  86  6:40  Hydralisk x3  
  87  6:50  Hydralisk x2  
  75  7:04  Zergling x8  
  75  7:13  Drone x6  
  77  7:21  Drone x2  
  77  7:28  Queen  
  79  7:30  Drone x2  
  79  7:33  Drone  
  82  7:41  Spire  
  82  7:42  Drone x2  
  82  7:43  Drone  
  82  7:53  Drone x5  
  82  7:57  Drone x2  
  84  7:59  Queen  
  84  8:05  Zergling x2  
  84  8:12  Zergling x4  
  86  8:18  Overlord  
  86  8:24  Drone x2, Extractor  
  86  8:25  Extractor  
  86  8:31  Overseer  
  86  8:39  Evolution Chamber  
  86  8:40  Drone x3, Evolution Chamber  
  87  8:41  Drone x2, Infestation Pit  
  87  8:42  Drone x4  
  91  8:57  Mutalisk  
  91  8:58  Mutalisk x8  
  109  9:03  Hatchery  
  109  9:05  Mutalisk  
  110  9:13  Mutalisk x2  
  114  9:19  Zergling x2  
  114  9:20  Zergling x8  
  119  9:24  Hatchery  
  116  9:39  Mutalisk x3  
  116  9:41  Mutalisk x4  
  116  9:44  Hydralisk x2  
  114  9:52  Drone x6  
  116  9:56  Zerg Missile Weapons Level 1, Zerg Ground Armor Level 1  
  116  10:05  Hive  
  116  10:16  Drone  
  116  10:17  Drone x2  
  116  10:18  Spore Crawler  
  116  10:19  Spine Crawler, Queen  
  116  10:21  Extractor  
  118  10:22  Spine Crawler  
  118  10:24  Zergling x4  
  118  10:25  Extractor  
  118  10:30  Overlord  
  114  10:36  Drone x3  
  117  10:45  Drone x2  
  117  10:46  Drone  
  117  10:47  Drone x6  
  117  10:48  Overlord  
  116  11:04  Zergling x2  
  116  11:05  Zergling x14  
  116  11:09  Zergling x4  
  116  11:10  Zergling x2  
  115  11:23  Zergling x6  
  114  11:29  Greater Spire  
  108  11:34  Corruptor  
  108  11:35  Corruptor x5  
  112  11:47  Hydralisk x6  
  112  11:51  Spore Crawler, Spine Crawler  
  112  11:53  Spine Crawler  
  120  12:05  Corruptor x2  
  120  12:07  Hydralisk x4  
  123  12:09  Drone x3  
  123  12:12  Drone x4  
  124  12:19  Drone x3  
  124  12:21  Drone x4  
  131  12:33  Zerg Ground Armor Level 2, Zerg Missile Weapons Level 2  
  131  12:42  Brood Lord x2  
  131  12:43  Brood Lord x2  
  139  12:45  Brood Lord  
  139  12:49  Brood Lord  
  138  12:51  Brood Lord  
  140  13:05  Overlord x3  
  134  13:06  Overlord x2  
  126  13:16  Hydralisk x5  
  126  13:19  Hydralisk  
  134  13:24  Corruptor x2  
  136  13:29  Drone x6  
  136  13:32  Corruptor  
  134  13:41  Hydralisk  
  134  13:42  Hydralisk  
  138  13:57  Corruptor x3  
  138  14:01  Zerg Flyer Armor Level 1  
  142  14:08  Hydralisk  
  142  14:09  Hydralisk  
  146  14:14  Corruptor x3  
  150  14:28  Hatchery  
  147  14:34  Hydralisk x8  
  163  14:42  Hydralisk x4  
  171  14:47  Drone x5  
  176  14:58  Hydralisk  
  176  14:59  Hydralisk x5  
  170  15:13  Drone  
  170  15:14  Drone x7  
  170  15:21  Overlord x2  
  170  15:24  Overlord, Zerg Missile Weapons Level 3, Zerg Ground Armor Level 3  
  170  15:36  Overlord x2  
  170  15:37  Overlord  
  164  15:49  Viper x2  
  164  15:50  Viper x2  
  176  15:57  Spore Crawler  
  176  15:58  Spine Crawler x2  
  176  16:01  Spine Crawler, Brood Lord x2  
  176  16:02  Brood Lord x3  
  181  16:19  Brood Lord  
  176  16:26  Drone  
  176  16:27  Drone x14  
  176  16:28  Drone x3  
  176  16:30  Hatchery  
  185  16:45  Corruptor x4  
  189  16:50  Drone  
  189  16:52  Overlord x3  
  190  17:02  Overseer  
  190  17:03  Overseer  
  190  17:05  Zerg Flyer Armor Level 2  
  190  17:20  Extractor  
  184  17:22  Extractor  
  183  17:31  Hatchery, Corruptor x2  
  183  17:33  Hydralisk x4  
  183  17:34  Hydralisk x3  
  200  17:38  Pneumatized Carapace  
  200  17:56  Spine Crawler  
  200  17:58  Spine Crawler  
  196  18:07  Corruptor x2  
  200  18:46  Hydralisk  
  191  19:15  Hydralisk  
  191  19:16  Hydralisk x4  
  199  19:24  Hydralisk x10  
  180  19:25  Hydralisk x2  
  188  19:36  Hydralisk  
  188  19:37  Hydralisk x5  
  196  19:45  Hydralisk x4  
  180  19:46  Hydralisk x3  
  180  19:51  Brood Lord x2  
  182  20:06  Hydralisk  
  182  20:07  Hydralisk x2  
  146  20:11  Zergling x30  
Show
View Real Time Build Order
Export as new Build Order

kiwian Terran 

Build Orders: Liberator Opening, Reaper Expand, Mech 

Get SALT Encoding   

  12  0:00  SCV  
  13  0:13  SCV  
  14  0:17  Supply Depot  
  14  0:25  SCV  
  15  0:29  Refinery  
  15  0:39  SCV  
  16  0:46  Barracks  
  17  0:57  SCV  
  17  1:09  SCV  
  18  1:21  SCV  
  19  1:34  Reaper  
  19  1:35  Orbital Command  
  20  1:44  Command Center  
  20  1:53  Factory  
  20  2:00  SCV  
  21  2:05  Refinery  
  21  2:11  Barracks Reactor  
  21  2:13  SCV  
  22  2:16  Supply Depot  
  22  2:25  SCV  
  23  2:38  SCV  
  23  2:42  Starport  
  24  2:50  SCV  
  25  2:53  Hellion x2  
  29  2:58  Orbital Command  
  29  3:02  SCV  
  30  3:14  SCV  
  30  3:15  Hellion x2  
  30  3:19  Medivac  
  37  3:26  SCV x2  
  39  3:32  Liberator  
  39  3:36  Hellion x2  
  39  3:38  Armory  
  43  3:50  Supply Depot  
  46  4:11  SCV x2, Hellion x2  
  52  4:23  SCV  
  52  4:27  SCV  
  52  4:33  Hellion  
  54  4:41  Hellion  
  54  4:42  SCV x2  
  50  4:54  Hellion, SCV x2  
  50  4:57  Command Center  
  50  4:58  Supply Depot  
  50  4:59  Supply Depot  
  54  5:09  Barracks Tech Lab  
  54  5:10  Starport Tech Lab  
  54  5:11  Factory  
  54  5:12  Factory  
  54  5:15  Refinery  
  54  5:17  Refinery  
  54  5:20  SCV x2, Hellion  
  55  5:29  Hellion  
  55  5:32  SCV x2  
  57  5:41  Hellion  
  57  5:42  Engineering Bay  
  59  5:43  Supply Depot  
  59  5:44  SCV x2  
  61  5:51  Hellion, Viking  
  61  5:56  SCV x2  
  67  6:03  Barracks Reactor  
  67  6:06  Factory  
  67  6:07  Factory  
  67  6:08  Siege Tank x2  
  67  6:26  Hellion x2  
  71  6:34  SCV x2  
  71  6:35  Terran Vehicle Weapons Level 1  
  73  6:40  Siege Tank x2  
  77  6:47  Hellion x2  
  70  7:14  Hellion x3  
  68  7:20  Siege Tank  
  68  7:22  Hellion  
  69  7:23  Supply Depot  
  69  7:25  Supply Depot  
  69  7:26  Hellion x2, Siege Tank  
  76  7:33  Factory Reactor  
  74  7:40  Orbital Command  
  74  7:44  Hellion  
  76  7:46  SCV x2  
  76  7:47  Hellion x2  
  80  7:55  Siege Tank  
  80  7:58  Siege Tank  
  82  8:05  Hellion  
  80  8:09  Hellion x2  
  84  8:14  Hellion  
  84  8:15  Infernal Pre-Igniter, Hellion  
  87  8:37  Hellion  
  92  8:41  Hellion x3  
  92  8:42  Supply Depot x2  
  84  9:01  Hellion  
  90  9:09  Hellion x2  
  92  9:10  Hellion, Viking  
  92  9:12  Hellion, Factory Tech Lab  
  92  9:13  Viking  
  92  9:16  SCV x2  
  98  9:22  Supply Depot x2  
  95  9:27  Missile Turret  
  95  9:28  Missile Turret, Thor  
  93  9:40  Hellion  
  93  9:41  Hellion  
  84  9:50  Thor  
  78  10:01  Hellion  
  78  10:07  Thor  
  68  10:12  Orbital Command  
  74  10:16  Medivac x2  
  78  10:22  Terran Vehicle Weapons Level 2  
  78  10:32  Hellion x2  
  74  10:37  Hellion  
  74  10:38  Orbital Command  
  74  10:40  Siege Tank  
  77  10:50  Siege Tank x2  
  79  11:13  Hellion, Siege Tank  
  79  11:14  Hellion x2  
  74  11:21  Hellion  
  74  11:22  Siege Tank x2  
  78  11:35  Hellion  
  78  11:36  SCV x2  
  78  11:37  SCV  
  78  11:38  Hellion x2  
  87  11:45  Siege Tank  
  90  11:48  SCV  
  90  11:50  Hellion  
  93  11:54  Hellion  
  93  11:57  Siege Tank  
  96  12:15  Hellion x4  
  99  12:24  Missile Turret  
  99  12:29  SCV x3  
  102  12:34  Thor  
  103  12:41  SCV x3  
  106  12:46  Siege Tank  
  106  12:49  Terran Vehicle And Ship Armor Level 1  
  109  12:53  SCV x3  
  110  13:03  Hellion, Siege Tank  
  107  13:05  SCV x2  
  107  13:06  SCV  
  107  13:08  Refinery x2  
  107  13:17  SCV  
  107  13:18  SCV x2  
  100  13:21  Hellion x2  
  104  13:29  Hellion  
  104  13:30  SCV, Hellion x2  
  105  13:37  Supply Depot  
  105  13:38  Thor  
  97  13:42  Hellion  
  97  13:43  Hellion  
  97  13:45  Viking  
  103  13:51  Thor  
  103  13:56  Hellion  
  101  14:03  Viking  
  101  14:07  Thor  
  109  14:16  Hellion  
  105  14:29  Thor  
  96  14:58  Thor  
  87  15:11  Hellion x2  
  88  15:15  Hellion x2  
  92  15:26  Hellion  
  94  15:29  Hellion x4  
  94  15:32  Orbital Command  
  94  15:42  Siege Tank  
  91  15:52  Hellion  
  93  16:06  Siege Tank  
  96  16:18  Orbital Command  
  96  16:31  Siege Tank  
  96  16:32  Hellion x2  
  103  16:33  Hellion x2  
  107  16:44  Hellion  
  107  16:49  Refinery  
  107  16:50  Refinery x2  
  103  17:01  Hellion x2  
  107  17:02  Hellion  
  107  17:03  Siege Tank  
  114  17:08  Hellion x2  
  114  17:10  SCV  
  115  17:16  Siege Tank  
  115  17:22  SCV, Viking  
  117  17:24  Hellion x2  
  117  17:25  Hellion  
  125  17:30  Hellion  
  125  17:34  SCV  
  125  17:36  Siege Tank  
  125  17:37  Hellion  
  127  17:46  Hellion x2  
  131  17:53  Supply Depot  
  131  17:55  Supply Depot  
  133  18:11  Thor x2  
  131  18:19  Hellion x2  
  121  18:31  Thor  
  126  18:35  Hellion x2  
  124  18:56  Hellion  
  124  19:01  Supply Depot  
  126  19:03  Supply Depot  
  126  19:08  Hellion  
  116  19:17  Thor  
  116  19:18  Hellion x2  
  116  19:25  Hellion x2  
  116  19:26  Hellion  
  116  19:33  Hellion  
  118  19:42  Hellion  
  114  19:52  Hellion x2  
  106  20:02  Hellion  
  94  20:07  Hellion  
  94  20:09  SCV  
Tags
 
Add a new tag
Caveats
  • Supply blocks, unpowered buildings, or Contaminate may cause inaccurate times.
  • Supply counts are checked every 10 seconds.